Map: Zen LE

Players

CrassSral

  • Race: Protoss Protoss
  • League: Gold
  • Spawn Location: 1:00

rawbone - Winner!

  • Race: Zerg Zerg
  • League: Gold
  • Spawn Location: 7:00

VOD

Have the link to the VOD?

Description

Time

  • Played on: Jan. 26, 2020, 12:59 p.m.
  • Length: 16:34
Show
View Real Time Build Order
Export as new Build Order

CrassSral Protoss 

Build Orders: Cannon Rush 

Get SALT Encoding   

  12  0:02  Probe  
  13  0:14  Probe  
  14  0:23  Pylon  
  14  0:26  Probe  
  15  0:41  Probe  
  16  0:47  Forge  
  16  0:54  Pylon  
  16  0:56  Probe  
  17  1:08  Probe  
  18  1:18  Pylon  
  18  1:20  Probe  
  19  1:32  Probe  
  20  1:40  Photon Cannon  
  20  1:42  Photon Cannon  
  20  1:45  Gateway  
  20  1:54  Photon Cannon  
  20  2:02  Gateway  
  20  2:17  Assimilator  
  20  2:20  Assimilator  
  20  2:28  Probe  
  21  2:39  Pylon  
  21  2:40  Probe  
  22  2:46  Photon Cannon  
  22  2:52  Probe  
  23  3:00  Cybernetics Core  
  23  3:08  Zealot  
  23  3:11  Probe  
  26  3:23  Probe  
  27  3:35  Probe  
  28  3:47  Probe  
  29  3:48  Shield Battery  
  29  3:50  Warp Gate (Chrono Boost)  
  29  3:51  Nexus  
  29  3:57  Stargate  
  29  4:04  Shield Battery  
  29  4:24  Stalker  
  29  4:26  Protoss Ground Weapons Level 1 (Chrono Boost)  
  29  4:31  Probe  
  32  4:42  Twilight Council  
  32  4:43  Gateway, Probe  
  33  4:46  Photon Cannon  
  33  5:00  Phoenix  
  33  5:04  Pylon  
  35  5:09  Pylon  
  35  5:11  Probe x2  
  37  5:27  Phoenix  
  39  5:40  Stalker x2  
  43  5:44  Assimilator  
  43  5:45  Assimilator  
  41  6:07  Photon Cannon  
  41  6:10  Shield Battery  
  39  6:19  Stalker x2  
  39  6:20  Stalker  
  45  6:27  Pylon  
  45  6:30  Robotics Facility  
  45  6:43  Stargate  
  45  6:46  Pylon  
  45  6:48  Photon Cannon  
  45  6:54  Probe x2  
  47  7:06  Probe  
  47  7:07  Probe  
  49  7:18  Stalker x3  
  55  7:37  Void Ray  
  59  7:45  Protoss Air Weapons Level 1  
  59  7:50  Stargate  
  59  7:57  Photon Cannon  
  59  7:59  Photon Cannon  
  59  8:00  Shield Battery  
  59  8:12  Observer  
  60  8:17  Probe  
  61  8:30  Void Ray  
  61  8:33  Immortal  
  69  8:44  Void Ray  
  73  8:52  Blink (Chrono Boost)  
  73  9:21  Void Ray  
  77  9:27  Void Ray  
  77  9:41  Photon Cannon  
  77  9:45  Shield Battery  
  77  9:47  Stalker x2  
  81  10:00  Pylon  
  81  10:01  Pylon  
  81  10:44  Void Ray x2  
  85  11:06  Probe x2  
  87  11:14  Pylon  
  87  11:15  Photon Cannon  
  87  11:19  Photon Cannon  
  87  11:27  Void Ray x2  
  94  11:55  Nexus  
  94  11:58  Photon Cannon  
  94  12:11  Stalker x3  
  96  12:31  Void Ray x2  
  104  12:37  Stalker x3  
  110  12:47  Photon Cannon  
  110  12:50  Photon Cannon  
  110  13:07  Probe x2  
  112  13:13  Pylon  
  112  13:15  Pylon  
  110  13:29  Stalker  
  110  13:30  Stalker x2  
  110  13:33  Probe (Chrono Boost)  
  117  13:43  Probe (Chrono Boost)  
  117  13:48  Probe (Chrono Boost), Shield Battery  
  116  13:51  Shield Battery  
  117  13:59  Probe  
  118  14:11  Probe  
  119  14:22  Fleet Beacon  
  119  14:24  Photon Cannon  
  119  14:26  Photon Cannon  
  119  14:29  Pylon  
  119  14:30  Probe  
  120  14:31  Nexus  
  120  14:43  Probe  
  111  14:55  Probe  
  111  14:59  Void Ray  
  107  15:14  Probe  
  92  15:16  Stalker  
  92  15:17  Stalker  
  88  15:26  Probe  
  89  15:38  Probe  
  84  15:50  Probe, Stalker  
  81  16:02  Probe  
Show
View Real Time Build Order
Export as new Build Order

rawbone Zerg - Winner!

Build Orders: Hatch First 

Get SALT Encoding   

  12  0:01  Drone  
  13  0:12  Overlord  
  13  0:17  Drone  
  14  0:30  Drone x2  
  16  0:49  Hatchery  
  15  0:54  Drone  
  15  0:55  Drone  
  17  0:59  Drone  
  18  1:14  Spawning Pool  
  18  1:16  Drone  
  18  1:20  Drone  
  19  1:29  Drone  
  20  1:40  Extractor  
  20  1:41  Overlord  
  20  1:58  Hatchery  
  19  2:02  Drone x2  
  21  2:08  Roach Warren  
  21  2:09  Queen  
  22  2:22  Drone x2  
  24  2:28  Extractor  
  23  2:43  Drone x2  
  25  3:02  Drone  
  26  3:11  Drone  
  27  3:14  Queen  
  29  3:21  Overlord  
  29  3:26  Overlord  
  29  3:32  Roach x3  
  35  3:38  Drone  
  37  3:41  Drone  
  37  3:51  Lair  
  37  3:56  Roach  
  39  4:03  Drone x2  
  39  4:04  Drone  
  42  4:17  Overlord  
  42  4:20  Drone  
  43  4:27  Overlord  
  43  4:29  Overlord  
  43  4:32  Roach x2  
  43  4:35  Drone x4  
  51  4:44  Queen  
  53  4:47  Drone  
  53  4:51  Roach x3  
  53  4:52  Roach x2  
  64  4:54  Drone  
  64  4:58  Glial Reconstitution  
  65  5:06  Drone  
  66  5:17  Drone x3  
  66  5:19  Drone  
  70  5:21  Roach  
  70  5:22  Roach x2  
  70  5:26  Overlord  
  76  5:29  Overlord  
  74  5:53  Spire  
  74  5:56  Extractor, Drone  
  73  5:57  Drone x4  
  73  5:58  Extractor  
  70  6:11  Spore Crawler  
  69  6:12  Spore Crawler  
  69  6:15  Spore Crawler  
  67  6:28  Queen  
  67  6:29  Spore Crawler  
  68  6:33  Spore Crawler  
  68  6:35  Spore Crawler  
  66  6:58  Overlord x4  
  66  6:59  Overlord  
  66  7:07  Metabolic Boost  
  66  7:15  Hydralisk Den  
  65  7:16  Evolution Chamber  
  65  7:18  Evolution Chamber  
  65  7:20  Drone x19  
  82  7:33  Hatchery  
  81  7:48  Extractor  
  81  7:50  Extractor  
  79  7:55  Hydralisk x6  
  79  7:58  Overlord  
  91  7:59  Overlord x2  
  91  8:12  Drone  
  92  8:16  Drone x7  
  99  8:46  Overlord x4  
  99  8:48  Mutalisk x3  
  99  8:51  Mutalisk  
  107  8:57  Zerg Missile Weapons Level 1  
  107  9:28  Mutalisk x9  
  125  9:43  Grooved Spines  
  125  9:47  Drone  
  125  9:48  Drone x2  
  125  9:49  Zerg Flyer Armor Level 1  
  128  10:09  Overlord x3  
  128  10:19  Extractor, Hatchery  
  126  10:21  Extractor  
  113  10:47  Roach x5  
  113  10:48  Roach x16  
  145  10:51  Zerg Ground Armor Level 1  
  145  10:55  Muscular Augments  
  127  11:07  Spawning Pool  
  127  11:08  Drone  
  111  11:16  Spore Crawler  
  108  11:20  Drone, Spine Crawler  
  108  11:21  Drone, Spine Crawler  
  108  11:27  Drone  
  108  11:28  Drone x14  
  123  11:38  Mutalisk x6  
  107  11:52  Hydralisk x4  
  101  11:56  Hydralisk x5  
  101  11:59  Hydralisk  
  101  12:00  Hydralisk  
  115  12:02  Hydralisk  
  117  12:18  Hydralisk x8  
  99  12:37  Mutalisk x8  
  99  12:38  Mutalisk x2  
  99  12:39  Mutalisk  
  119  12:56  Mutalisk  
  119  12:57  Mutalisk x2  
  111  13:11  Drone x2  
  111  13:12  Drone x4  
  115  13:13  Drone  
  116  13:27  Mutalisk x6  
  116  13:29  Mutalisk  
  130  13:54  Corruptor x5  
  136  14:19  Zergling x44  
  158  14:28  Zergling x6  
  161  14:43  Zergling x14  
  148  15:00  Zergling x24  
  128  15:25  Zergling x24  
  108  15:53  Zergling x2  
  108  15:54  Zergling x10  
  110  16:14  Zergling x12  
Tags
 
Add a new tag
Caveats
  • Supply blocks, unpowered buildings, or Contaminate may cause inaccurate times.
  • Supply counts are checked every 10 seconds.